 Dungeon Crawl Stone Soup version 0.29-a0-813-g4a14ea37d6 (webtiles) character file.

Game seed: 6484086802978990896

665 gobodom the Magician (level 7, 0/48 HPs)
             Began as a Mummy Necromancer on July 4, 2022.
             Slain by a bullfrog zombie (1 damage)
             ... on level 4 of the Dungeon on July 5, 2022.
             The game lasted 00:15:59 (4210 turns).

gobodom the Magician (Mummy Necromancer)            Turns: 4210, Time: 00:16:00

Health: 0/48       AC:  6    Str: 11    XL:     7   Next: 31%
Magic:  16/16      EV: 12    Int: 17    God:
Gold:   1261       SH:  0    Dex: 12    Spells: 10/18 levels left

rFire   x . .      SeeInvis .   r - +1 demon whip (elec)
rCold   + . .      Faith    .   f - orb {*channel}
rNeg    + + +      Spirit   .   a - +0 robe
rPois   ∞          Reflect  .   (no helmet)
rElec   .          Harm     .   m - +2 cloak
rCorr   .          Rampage  .   (no gloves)
Will    .....                   h - +0 pair of boots
Stlth   ++........              (no amulet)
HPRegen 0.16/turn               (no ring)
MPRegen 0.15/turn               (no ring)

@: about to teleport
A: cold resistance 1, negative energy resistance 3, torment resistance 2, heat
vulnerability 1, in touch with death 1, no potions
a: no special abilities


You were on level 4 of the Dungeon.
You visited 1 branch of the dungeon, and saw 4 of its levels.

You collected 1261 gold pieces.

Inventory:

Hand Weapons
 c - a +1 hand axe of flaming
 l - a +3 quarterstaff of chaos
 o - a +1 dagger of venom
 r - a +1 demon whip of electrocution (weapon)
Missiles
 e - 2 boomerangs of dispersal
 p - a boomerang
Armour
 a - a +0 robe (worn)
 f - an orb of energy (worn)
 h - a +0 pair of boots (worn)
 m - a +2 cloak (worn)
Scrolls
 b - a scroll of fog
 d - a scroll of teleportation
 i - a scroll of torment
 k - 2 scrolls of noise


   Skills:
 + Level 1.1 Fighting
 + Level 1.6 Maces & Flails
 + Level 0.1(1.0) Staves
 + Level 2.1 Dodging
 + Level 2.2 Stealth
 + Level 0.9 Unarmed Combat
 + Level 6.3 Spellcasting
 + Level 6.2 Necromancy
 * Level 0.5 Evocations


You had 10 spell levels left.
You knew the following spells:

 Your Spells              Type           Power      Damage    Failure   Level
a - Necrotise             Necr           100%       1d9       1%          1
b - Vampiric Draining     Necr           39%        2d8       3%          3
c - Animate Dead          Necr           39%        N/A       10%         4

Your spell library contained the following spells:

 Spells                   Type           Power      Damage    Failure   Level
 Agony                    Necr           39%        N/A       26%         5
 Ozocubu's Armour         Ice            5%         N/A       36%         3
 Ozocubu's Refrigeration  Ice            2%         4d5       100%        7


Dungeon Overview and Level Annotations

Branches:
Dungeon (4/15)
 Temple: D:4-7

Altars:
Okawaru

Shops:
D:1 (


Innate Abilities, Weirdness & Mutations

You are immune to poison.
Your flesh is cold resistant. (rC+)
You are immune to negative energy. (rN+++)
You are immune to unholy pain and torment.
You are vulnerable to heat. (rF-)
You are in touch with the powers of death.
You do not drink.


Message History

The bullfrog zombie is almost destroyed.
The water moccasin zombie bites you. The bullfrog zombie hits you.
The water moccasin zombie closely misses you.
You barely miss the bullfrog zombie.
The bullfrog zombie is almost destroyed.
The bullfrog zombie hits you. The water moccasin zombie bites you.
The bullfrog zombie attacks as you move away!
The bullfrog zombie hits you.
The bullfrog zombie hits you but does no damage.
The water moccasin zombie attacks as you move away!
The water moccasin zombie barely misses you. x2
The water moccasin zombie attacks as you move away!
The water moccasin zombie bites you.
* * * LOW HITPOINT WARNING * * *
The bullfrog zombie hits you.
* * * LOW HITPOINT WARNING * * *
You barely miss the bullfrog zombie.
The bullfrog zombie is almost destroyed.
The bullfrog zombie misses you.
The water moccasin zombie barely misses you.
You completely miss the bullfrog zombie.
The bullfrog zombie is almost destroyed.
The bullfrog zombie closely misses you.
The water moccasin zombie barely misses you.
You barely miss the bullfrog zombie.
The bullfrog zombie is almost destroyed.
The bullfrog zombie closely misses you.
The water moccasin zombie closely misses you.
The bullfrog zombie hits you.
* * * LOW HITPOINT WARNING * * *
You hit the bullfrog zombie.
The bullfrog zombie is almost destroyed.
The water moccasin zombie bites you.
* * * LOW HITPOINT WARNING * * *
The bullfrog zombie hits you.
* * * LOW HITPOINT WARNING * * *
The water moccasin zombie barely misses you.
As you read the scroll of teleportation, it crumbles to dust.
You feel strangely unstable. The bullfrog zombie hits you.
You die...

##......# ### #.......#
########.## #.......#
#...##....# .......#
#.........# J......##
#.........#### #........
###........Z.# ##........
#.......@ZZ###......... ###
#..#.....#..........##.
..##########.....#...........#
...#......###....###...#.....#
...#P≈≈≈≈P#.#....#...##........
.....≈≈≈≈...##...#...# #....###
....≈≈≈≈.≈.>........## ......
.....≈≈≈≈.#........... ......
.......P..#......####. .....


You could see a water moccasin zombie, a bullfrog zombie and a hound skeleton.

Vanquished Creatures
  Sigmund (D:2)
  A phantom (D:4)
  2 water moccasin zombies (D:4)
  A bullfrog zombie (D:4)
  2 orc priests (D:3)
  Crazy Yiuf (D:2)
  2 scorpion zombies (D:4)
  A hound zombie (D:4)
  Robin (D:2)
  3 adders
  2 adder skeletons (D:4)
  A worm (D:3)
  10 orcs
  6 endoplasms
  A giant cockroach (D:1)
  10 goblins
  6 hobgoblins
  4 jackals (D:3)
  4 quokkas
  6 ball pythons
  4 bats
  3 frilled lizards
  2 kobolds (D:1)
  A quokka zombie (D:4)
  6 rats
81 creatures vanquished.

Vanquished Creatures (collateral kills)
  A bat (D:3)
  2 hobgoblins
  2 ball pythons (D:3)
  A rat (D:3)
6 creatures vanquished.

Vanquished Creatures (others)
  5 withered plants (D:4)
5 creatures vanquished.

Grand Total: 92 creatures vanquished

Notes
Turn   | Place    | Note
-------+----------+-------------------------------------------
     0 | D:1      | gobodom the Mummy Necromancer began the quest for the Orb.
     0 | D:1      | Reached XP level 1. HP: 13/13 MP: 4/4
   208 | D:1      | Reached XP level 2. HP: 19/19 MP: 1/6
   452 | D:1      | Found Paamna Godiff's Weapon Shoppe.
   977 | D:2      | Noticed Sigmund
  1035 | D:2      | Gained mutation: You are in touch with the powers of death.
                  | [Mummy growth]
  1035 | D:2      | Reached XP level 3. HP: 10/24 MP: 1/8
  1275 | D:2      | Learned a level 3 spell: Vampiric Draining
  1335 | D:2      | Noticed Robin
  1357 | D:2      | Killed Robin
  1984 | D:2      | Killed Sigmund
  1985 | D:2      | Reached skill level 5 in Spellcasting
  1985 | D:2      | Reached skill level 5 in Necromancy
  1985 | D:2      | Reached XP level 4. HP: 22/30 MP: 0/11
  1985 | D:2      | Reached XP level 5. HP: 26/35 MP: 0/12
  2222 | D:2      | Found a runed translucent door.
  2223 | D:2      | Noticed Crazy Yiuf
  2228 | D:2      | Killed Crazy Yiuf
  2428 | D:3      | Found an iron altar of Okawaru.
  2592 | D:3      | Reached XP level 6. HP: 41/41 MP: 8/14
  2988 | D:3      | Identified a scroll of acquirement
  2988 | D:3      | Acquired 1101 gold pieces
  3883 | D:4      | Reached XP level 7. HP: 35/47 MP: 16/16
  3888 | D:4      | Reached skill level 1 in Maces & Flails
  3893 | D:4      | Learned a level 4 spell: Animate Dead
  4003 | D:4      | Reached skill level 1 in Fighting
  4209 | D:4      | HP: 1/48 [bullfrog zombie (3)]
  4210 | D:4      | Slain by a bullfrog zombie

Illustrated notes

Levels and vault maps discovered:
D:1:      spicycebolla_arrival_ecumenical, layout_loops_ring, serial_shops,
          nicolae_shop_bloodbath_and_beyond, minmay_tetromino_t4
D:2:      layout_basic, minmay_misc_feat_iff, minmay_split_cup_small,
          uniq_sigmund, uniq_crazy_yiuf_cottage, uniq_robin
D:3:      layout_basic, okawaru_trees_2
D:4:      layout_cave_pools, minmay_temple_entry_mist, serial_undead,
          serial_undead_d, serial_undead_f, serial_undead_a, serial_undead_a,
          serial_undead_d, serial_undead_d, serial_undead_f, serial_undead_b,
          serial_undead_b, serial_undead_f, kennysheep_generic_room_9

Skill      XL: |  1  2  3  4  5  6  7 |
---------------+----------------------+-----
Spellcasting   | 3 5 6 |  6.3
Necromancy     | 5 6 |  6.2
Stealth        | 2 |  2.2
Dodging        | 2 |  2.1
Maces & Flails | 1 |  1.6
Fighting       | 1 |  1.1
Staves         | |  0.1
Unarmed Combat | |  0.9
Evocations     | |  0.5

Action                   |  1- 3 |  4- 6 |  7- 9 || total
-------------------------+-------+-------+-------++-------
Melee: Unarmed           |    35 |       |       ||    35
       Dagger            |     6 |       |       ||     6
       Quarterstaff      |       |     8 |       ||     8
       Demon whip        |       |    41 |    50 ||    91
 Cast: Necrotise         |    55 |    49 |     3 ||   107
       Vampiric Draining |     2 |     5 |       ||     7
  Use: Scroll            |       |    10 |     1 ||    11
 Stab: Distracted        |     1 |       |       ||     1
       Sleeping          |       |     2 |       ||     2
Armor: Robe              |     8 |    39 |    10 ||    57
Dodge: Dodged            |    40 |    56 |    38 ||   134

Table legend: (Time is in decaauts)
 A = Elapsed time spent in this place.
 B = Non-inter-level travel time spent in this place.
 C = Inter-level travel time spent in this place.
 D = Time resting spent in this place.
 E = Time spent auto-exploring this place.
 F = Levels seen in this place.
 G = Mean time per level.
                   A        B        C        D        E       F      G
               +--------+--------+--------+--------+--------+-----+--------+
         Total |   4215 |   4100 |    115 |    289 |   3124 |   4 | 1053.8 |
       Dungeon |   4215 |   4100 |    115 |    289 |   3124 |   4 | 1053.8 |
               +--------+--------+--------+--------+--------+-----+--------+

Top non-repeatable levels by time:
     D:2: 1462 daAuts
     D:3: 1168 daAuts
     D:1: 966 daAuts
     D:4: 618 daAuts
